 Dungeon Sprint DCSS version 0.16-a0-1183-g5b05a17 (webtiles) character file.

2461 Ololoev the Deadly Accurate (level 9, -2/76 HPs)
             Began as a Troll Hunter on Oct 10, 2014.
             Was a Priest of Trog.
             Slain by a deep troll (6 damage)
             ... in the Dungeon (Sprint I: "Red Sonja").
             The game lasted 00:04:51 (769 turns).

Ololoev the Deadly Accurate (Troll Hunter)           Turns: 769, Time: 00:04:51

Health: -2/76      AC:  6    Str: 25    XL:     9   Next: 26%
Magic:  4/4        EV:  9    Int:  7    God:    Trog [***...]
Gold:   351        SH:  0    Dex: 10    Spells: 0 memorised, 8 levels left

rFire  . . .     SeeInvis .       - Unarmed
rCold  . . .     Clarity  .     k - +1 robe {MR+}
rNeg   . . .     SustAb   .     (shield restricted)
rPois  .         Gourm    +     (helmet restricted)
rElec  .         Spirit   .     (no cloak)
rCorr  .         Warding  .     (gloves unavailable)
rMut   .         NoTele   +     (boots unavailable)
MR     +++..                    (no amulet)
Stlth  +.........               (no ring)
                                (no ring)

@: exhausted, regenerating, hasted and slowed, extremely resistant to hostile
enchantments, very unstealthy
A: unfitting armour, claws 3, fast metabolism 3, gourmand, regeneration 2,
saprovore 2, shaggy fur 1, tough skin 2
a: Burn Spellbooks, Berserk, Trog's Hand, Renounce Religion


You were in the Dungeon.
You worshipped Trog.
Trog was most pleased with you.
You were not hungry.

You visited 1 branch You collected 351 gold pieces.

Inventory:

Missiles
 b - 6 silver javelins (quivered)
 c - 2 throwing nets
Armour
 k - a +1 robe of magic resistance (worn)
Comestibles
 a - a meat ration
Scrolls
 d - a scroll of random uselessness {unknown}
 j - a scroll of blinking
Potions
 h - 2 potions of magic
 i - a potion of berserk rage


   Skills:
 - Level 1.5 Fighting
 * Level 15.5 Throwing
 - Level 1.5 Dodging
 - Level 0.4 Stealth
 + Level 12.2 Unarmed Combat


You had 8 spell levels left.
You didn't know any spells.

Dungeon Overview and Level Annotations

Branches:
Dungeon (1/1)

Altars:
Cheibriados
Dithmenos
Elyvilon
Fedhas
Gozag
Kikubaaqudgha
Makhleb
Nemelex Xobeh
Okawaru
Qazlal
Sif Muna
Trog
Vehumet
Xom
Yredelemnul
Zin
The Shining One
Jiyva

Shops:
D }


Innate Abilities, Weirdness & Mutations

You are too large for most types of armour.
You have claws for hands.
Your metabolism is lightning-fast.
You like to eat raw meat.
You heal very quickly.
You can eat rotten meat.
You are covered in fur (AC +1).
You have very tough skin (AC +2).


Message History

Increase (S)trength, (I)ntelligence, or (D)exterity?
You feel stronger. x2
There is an open door, spattered with blood here.
You see here an arrow.
You feel a strong urge to attack something.
Things that are here:
an arrow; a poisoned arrow
Things that are here:
a +0 animal skin; a scythe You feel your anger subside.
You are no longer berserk.
You are exhausted.
You feel yourself slow down.
There is an open door here.
Drink which item? (? for menu, Esc to quit)
You feel yourself speed up. The deep troll closely misses you.
The deep troll claws you!
* * * LOW HITPOINT WARNING * * *
The deep troll claws you.
You die...

##########################
#<.#..'..#..(.)#__#.)'...#
#..'.)#..@T(#(.'..'.)#...#
#..#####+#####(#__####...+
#..### #...#(####§§#####
#..#__####..##.#§≈§..#§§
#..#_..._##'#..§§§≈..'.y
#⌠⌠#_.∩...'..._#≈§§.(#$§
####_..._##_.#'##c####
#_____###+#)# ([! #######
### ###


You could see a deep troll.

Vanquished Creatures
  2 centaur warriors (D)
  2 kobold demonologists (D)
  A slime creature (D)
  A yak (D)
  A yellow wasp (D)
  An ogre (D)
  Sigmund (D)
  A jelly (D)
  Ijyb (D)
  A giant eyeball (D)
12 creatures vanquished.

Vanquished Creatures (others)
  A gargoyle (D)
1 creature vanquished.

Grand Total: 13 creatures vanquished

Notes
Turn   | Place    | Note
--------------------------------------------------------------
     0 | D        | Ololoev, the Troll Hunter, began the quest for the Orb.
     0 | D        | Reached XP level 1. HP: 19/19 MP: 1/1
     1 | D        | Noticed Ijyb
     5 | D        | Killed Ijyb
     5 | D        | Reached skill level 5 in Throwing
     5 | D        | Reached XP level 2. HP: 27/27 MP: 1/1
   120 | D        | Noticed an ogre
   121 | D        | Killed an ogre
   121 | D        | Reached skill level 7 in Throwing
   121 | D        | Reached skill level 5 in Unarmed Combat
   121 | D        | Reached XP level 3. HP: 33/33 MP: 2/2
   121 | D        | Reached XP level 4. HP: 41/41 MP: 2/2
   129 | D        | Noticed Sigmund
   139 | D        | Killed Sigmund
   139 | D        | Reached skill level 8 in Throwing
   139 | D        | Reached XP level 5. HP: 38/48 MP: 2/2
   162 | D        | Found a deep blue altar of Sif Muna.
   163 | D        | Noticed a jelly
   164 | D        | Killed a jelly
   164 | D        | Reached skill level 9 in Throwing
   165 | D        | Found a radiant altar of Vehumet.
   173 | D        | Found Sonojiot's Gadget Emporium.
   173 | D        | Found a white marble altar of Elyvilon.
   173 | D        | Found a burning altar of Makhleb.
   173 | D        | Found a glowing golden altar of the Shining One.
   173 | D        | Found an opulent altar of Gozag.
   173 | D        | Found a glowing silver altar of Zin.
   173 | D        | Noticed a yak
   180 | D        | Killed a yak
   180 | D        | Reached skill level 10 in Throwing
   180 | D        | Reached XP level 6. HP: 29/55 MP: 3/3
   181 | D        | Found a stormy altar of Qazlal.
   181 | D        | Found a basalt altar of Yredelemnul.
   181 | D        | Found an iron altar of Okawaru.
   181 | D        | Found a sparkling altar of Nemelex Xobeh.
   181 | D        | Found a shimmering altar of Xom.
   181 | D        | Found an ancient bone altar of Kikubaaqudgha.
   182 | D        | Found a bloodstained altar of Trog.
   185 | D        | Became a worshipper of Trog the Wrathful
   351 | D        | Found a snail-covered altar of Cheibriados.
   351 | D        | Found a viscous altar of Jiyva.
   351 | D        | Found a shadowy altar of Dithmenos.
   351 | D        | Found a blossoming altar of Fedhas.
   351 | D        | Noticed a slime creature
   359 | D        | Killed a slime creature
   359 | D        | Acquired Trog's first power
   359 | D        | Reached skill level 11 in Throwing
   359 | D        | Reached XP level 7. HP: 20/62 MP: 3/3
   440 | D        | Noticed a kobold demonologist
   441 | D        | Noticed a kobold demonologist
   446 | D        | Noticed a smoke demon
   446 | D        | Noticed an orange demon
   455 | D        | Killed a kobold demonologist
   455 | D        | Acquired Trog's second power
   455 | D        | Reached skill level 12 in Throwing
   459 | D        | Killed a kobold demonologist
   459 | D        | Reached skill level 13 in Throwing
   459 | D        | Reached skill level 10 in Unarmed Combat
   459 | D        | Reached XP level 8. HP: 28/70 MP: 3/3
   484 | D        | Killed a gargoyle
   531 | D        | Noticed a centaur warrior
   543 | D        | Killed a centaur warrior
   543 | D        | Reached skill level 14 in Throwing
   680 | D        | Noticed a yellow wasp
   700 | D        | Killed a yellow wasp
   700 | D        | Received a gift from Trog
   748 | D        | Noticed a centaur warrior
   761 | D        | Noticed a deep troll
   764 | D        | Killed a centaur warrior
   764 | D        | Reached skill level 15 in Throwing
   764 | D        | Reached XP level 9. HP: 14/76 MP: 4/4
   769 | D        | Slain by a deep troll

Action                   |  1- 3 |  4- 6 |  7- 9 || total
-------------------------+-------+-------+-------++-------
Melee: Unarmed           |       |    10 |    16 ||    26
Throw: Large rock        |     6 |    11 |    10 ||    27
       Throwing net      |       |     1 |       ||     1
       Javelin           |       |       |     2 ||     2
Invok: Berserk           |       |       |     3 ||     3
       Trog's Hand       |       |       |     1 ||     1
  Use: Potion            |       |       |     4 ||     4
 Stab: Held in net/web   |       |     1 |       ||     1
  Eat: Meat ration       |       |       |     1 ||     1
       Chunk             |       |       |     2 ||     2
